 Dungeon Crawl Stone Soup version 0.23.0 (webtiles) character file.

Game seed: 13207604981891870962

368 dengdeng the Slasher (level 6, -3/56 HPs)
             Began as a Minotaur Berserker on Feb 15, 2019.
             Was a Priest of Trog.
             Slain by an orc priest
             ... wielding a +0 falchion
              (5 damage)
             ... on level 4 of the Dungeon.
             The game lasted 00:09:30 (2920 turns).

dengdeng the Slasher (Minotaur Berserker)           Turns: 2920, Time: 00:09:31

Health: -3/56      AC:  7    Str: 23    XL:     6   Next: 41%
Magic:  5/5        EV: 11    Int:  4    God:    Trog [***...]
Gold:   177        SH:  0    Dex: 10    Spells: 5/5 levels left

rFire    . . .     SeeInvis .   a - +0 falchion
rCold    . . .     Gourm    .   (no shield)
rNeg     . . .     Faith    .   q - +0 scale mail
rPois    .         Spirit   .   (helmet restricted)
rElec    .         Reflect  .   (no cloak)
rCorr    .         Harm     .   (no gloves)
MR       .....                  (no boots)
Stlth    ..........             (no amulet)
HPRegen  0.18/turn              (no ring)
MPRegen  0.09/turn              (no ring)

@: no status effects
A: retaliatory headbutt, horns 2
a: Berserk, Trog's Hand, Renounce Religion


You were on level 4 of the Dungeon.
You worshipped Trog.
Trog was most pleased with you.
You were very hungry.

You visited 1 branch of the dungeon, and saw 4 of its levels.

You collected 177 gold pieces.

Inventory:

Hand Weapons
 a - a +0 falchion (weapon)
Missiles
 l - 164 stones (quivered)
Armour
 q - a +0 scale mail (worn)
Scrolls
 e - 6 scrolls of remove curse {unknown}
 f - a scroll of fog {unknown}
 h - 3 scrolls of teleportation {unknown}
 k - a scroll of random uselessness {unknown}
 o - a scroll of noise {unknown}
 p - 3 scrolls of identify {unknown}
 r - a scroll of blinking {unknown}
Potions
 b - a potion of mutation {unknown}
 d - a potion of ambrosia {unknown}
 g - a potion of brilliance {unknown}
 i - 2 potions of cancellation {unknown}
 j - a potion of might {unknown}
 m - a potion of agility {unknown}
 n - a potion of heal wounds {unknown}
Comestibles
 c - 8 rations


   Skills:
 + Level 5.0 Fighting
 * Level 6.3 Long Blades
 * Level 4.8 Armour
 + Level 3.0 Dodging
 + Level 0.2 Stealth


You had 5 spell levels left.
You didn't know any spells.
Your spell library was empty.

Dungeon Overview and Level Annotations

Branches:
Dungeon (4/15)
 Temple: D:4-7

Altars:
Fedhas
Zin


Innate Abilities, Weirdness & Mutations

You reflexively headbutt those who attack you in melee.
You have a pair of horns on your head.


Message History

You hit the orc wizard. Your headbutt misses the orc wizard.
The orc wizard is heavily wounded.
The orc priest hits you but does no damage.
The orc wizard barely misses you.
You riposte.
You closely miss the orc wizard. Your headbutt misses the orc wizard.
The orc wizard is heavily wounded.
You slash the orc wizard!
The orc wizard is almost dead.
The orc priest calls down the wrath of Beogh upon you.
Beogh smites you!
* * * LOW HITPOINT WARNING * * *
The orc wizard hits you with a +0 dagger.
* * * LOW HITPOINT WARNING * * *
You hit the orc wizard.
You kill the orc wizard!
Trog accepts your kill.
Trog appreciates your killing of a magic user.
Your Dodging skill increases to level 3!
The orc priest hits you with a +0 falchion.
You die...

#.# #<#
#.#####.#
####)†.<...#
#...)#####.#
#.##.# # #)#
#o# #@# #)#
#.# #o# #.#
... ..# ###


You could see an orc priest and an orc wizard.

Vanquished Creatures
  A hound (D:4)
  An orc priest (D:4)
  A centaur skeleton (D:4)
  4 orc wizards (D:4)
  A worker ant (D:4)
  5 adders
  An ooze (D:1)
  6 dart slugs
  A worm (D:2)
  4 leopard geckos
  6 orcs
  3 ball pythons
  13 bats
  5 giant cockroaches
  7 goblins
  7 hobgoblins
  4 jackals
  3 kobolds (D:1)
  2 quokkas
  4 frilled lizards
  5 rats
84 creatures vanquished.

Notes
Turn   | Place    | Note
-------+----------+-------------------------------------------
     0 | D:1      | dengdeng the Minotaur Berserker began the quest for the
                  | Orb.
     0 | D:1      | Reached XP level 1. HP: 19/19 MP: 0/0
    73 | D:1      | Reached skill level 4 in Long Blades
    85 | D:1      | Reached XP level 2. HP: 24/27 MP: 1/1
   675 | D:1      | Reached XP level 3. HP: 29/33 MP: 2/2
   942 | D:1      | Reached ** piety under Trog
  1356 | D:2      | Reached XP level 4. HP: 40/40 MP: 3/3
  1530 | D:2      | Found a blossoming altar of Fedhas.
  1606 | D:2      | Reached skill level 5 in Long Blades
  1961 | D:3      | Found a glowing silver altar of Zin.
  2109 | D:3      | Reached *** piety under Trog
  2441 | D:4      | Reached XP level 5. HP: 16/47 MP: 4/4
  2727 | D:4      | Reached skill level 6 in Long Blades
  2746 | D:4      | Reached XP level 6. HP: 53/53 MP: 5/5
  2905 | D:4      | Reached skill level 5 in Fighting
  2919 | D:4      | HP: 2/56 [orc wizard/+0 dagger (2)]
  2920 | D:4      | Slain by an orc priest

Skill      XL: |  1  2  3  4  5  6 |
---------------+-------------------+-----
Long Blades    | 4 5 6 |  6.3
Fighting       | 4 5 |  5.0
Armour         | 3 4 |  4.8
Dodging        | 3 |  3.0
Stealth        | |  0.2

Action                   |  1- 3 |  4- 6 || total
-------------------------+-------+-------++-------
Melee: Falchion          |    57 |   116 ||   173
       Headbutt          |    11 |    17 ||    28
Invok: Berserk           |       |     1 ||     1
 Stab: Sleeping          |     1 |       ||     1
  Eat: Chunk             |     1 |     5 ||     6
Armor: Animal skin       |     8 |       ||     8
       Ring mail         |     5 |    37 ||    42
       Scale mail        |       |    18 ||    18
Dodge: Dodged            |    37 |    79 ||   116
       Rpst.: Falchion   |    12 |    21 ||    33
